Description

1.时间点为红点来到地图上的时间,部队还有15-30s的集结时间,加上集结时间则为红点显示的时间。 2.神庙A型,相较B型少一个撕裂者,右上红点以空投舱为主。 3.3:15秒报第一个红点 https://bbs.nga.cn/read.php?tid=17265336&forder_by=postdatedesc&rand=273

Build Order

Get SALT Encoding   

  1  3:00  Action 左下  
  1  4:15  Action 左下  
  1  6:00  Action 左下  
  1  6:45  Action 左下  
  1  7:30  Action 左下  
  2  8:15  Action 左下撕裂者  
  2  9:00  Action 左上+右下  
  2  10:00  Action 左上+右下  
  2  11:00  Action 左上+右下  
  3  12:00  Action 左上  
  3  12:30  Action 右下  
  3  13:15  Action 左下  
  4  13:45  Action 右下撕裂者  
  5  15:00  Action 右上空混  
  5  15:20  Action 右上空混  
  6  16:10  Action 右上空投  
  6  16:40  Action 右上空投  
  7  16:55  Action 左上撕裂者  
  7  18:00  Action 左上混合体  
  8  18:15  Action 右下混合体  
  8  19:15  Action 右上  
  8  20:00  Action 左下  
  9  20:15  Action 右上空投  
  9  20:45  Action 右下空投  
  9  21:15  Action 左下空投  
  9  21:30  Action 随机空投  
  10  22:00  Action 左下  
  10  22:30  Action 左上右下撕裂者+红点  
  10  23:30  Action 左上混合体  
  10  23:40  Action 右下混合体  
  11  24:40  Action 左上+左下+右下  
Spawning Tool Build Advisor. Get it on Overwolf

Go to:

Details

  • Created by: DCpro
  • Published on: Aug 05, 2021
  • Modified on: Aug 15, 2021
  • Patch: 4.11.0
  • Difficulty: Medium
Show
View Real Time Build Order
Export as new Build Order

Comments (0)

There are no comments. Be the first!

Create an account to comment!